 Dungeon Crawl Stone Soup version 0.25.1-8-g42b30a86e7 (webtiles) character file.

Game seed: 15052170409549360786

2086 hawla the Thaumaturge (level 9, -2/45 HPs)
             Began as a Deep Elf Conjurer on Dec 17, 2020.
             Was an Initiate of Vehumet.
             Shot with an arrow by a centaur (8 damage)
             ... on level 7 of the Dungeon.
             The game lasted 00:21:59 (8084 turns).

hawla the Thaumaturge (Deep Elf Conjurer)           Turns: 8084, Time: 00:21:59

Health: -2/45      AC:  6    Str:  5    XL:     9   Next: 6%
Magic:  22/33      EV: 12    Int: 24    God:    Vehumet [......]
Gold:   399        SH:  4    Dex: 15    Spells: 19/26 levels left

rFire    + . .     SeeInvis .   (no weapon)
rCold    . . .     Gourm    .   u - +0 buckler
rNeg     + . .     Faith    .   p - +0 robe {rF+}
rPois    +         Spirit   .   A - +0 hat of Vlad {rN+ MP+9}
rElec    .         Reflect  .   r - +2 cloak
rCorr    .         Harm     .   (no gloves)
MR       .....                  i - +0 pair of boots
Stlth    ++........             (no amulet)
HPRegen  0.15/turn              d - ring of poison resistance
MPRegen  0.23/turn              s - ring of attention (curse)

@: marked
A: no striking features
a: Renounce Religion


You were on level 7 of the Dungeon.
You worshipped Vehumet.
Vehumet was noncommittal.
You were very hungry.

You visited 2 branches of the dungeon, and saw 9 of its levels.

You collected 448 gold pieces.
You spent 49 gold pieces at shops.

Inventory:

Missiles
 e - 26 poisoned darts (quivered)
 n - 14 boomerangs
Armour
 i - a +0 pair of boots (worn)
 p - a +0 robe of fire resistance (worn)
 r - a +2 cloak (worn)
 u - a +0 buckler (worn)
 A - the +0 hat of Vlad (worn) {rN+ MP+9}
   (You acquired it in the Ecumenical Temple)

   It protects you from negative energy.
   It affects your magic capacity (+9).
Jewellery
 d - a ring of poison resistance (left hand)
 s - a cursed ring of attention (right hand)
Wands
 q - a wand of acid (14)
Scrolls
 l - 3 scrolls of enchant weapon
 t - 2 scrolls of teleportation
 w - a scroll of fog
 y - 2 scrolls of identify
 B - a scroll of magic mapping
Potions
 a - 2 potions of lignification {unknown}
 b - 3 potions of curing
 f - 6 potions of flight
 g - 2 potions of haste
 j - a potion of ambrosia {unknown}
 k - 2 potions of resistance
 m - a potion of degeneration {unknown}
 o - a potion of invisibility {unknown}
 v - 3 potions of brilliance {unknown}
 x - 4 potions of heal wounds {unknown}
 z - a potion of might {unknown}
Comestibles
 c - 16 rations


   Skills:
 - Level 1.0 Throwing
 - Level 2.4 Dodging
 - Level 6.0 Stealth
 + Level 1.2 Shields
 - Level 9.0 Spellcasting
 - Level 8.0 Conjurations
 - Level 6.5 Translocations
 + Level 1.6 Evocations


You had 19 spell levels left.
You knew the following spells:

 Your Spells              Type           Power        Failure   Level  Hunger
a - Magic Dart            Conj           ####         1%          1    None
b - Searing Ray           Conj           #####.       1%          2    None
c - Iskenderun's Mystic   Conj/Tloc      #####...     4%          4    ##.....

Your spell library contained the following spells:

 Spells                   Type           Power        Failure   Level  Hunger
 Dazzling Flash           Conj/Hex       ####..       4%          3    None
 Fulminant Prism          Conj/Hex       ####......   16%         4    ##.....


Dungeon Overview and Level Annotations

Branches:
Dungeon (8/15)             Temple (1/1) D:4
   Lair: D:8-11

Altars:
Ashenzari
Cheibriados
Dithmenos
Elyvilon
Fedhas
Gozag
Hepliaklqana
Kikubaaqudgha
Makhleb
Nemelex Xobeh
Okawaru
Qazlal
Ru
Sif Muna
Trog
Uskayaw
Vehumet
Xom
Yredelemnul
Zin
The Shining One

Shops:
D:7 :?(

Annotations:
D:8 Maggie


Message History

Your magical contamination has completely faded away.
You start resting.
The centaur shoots an arrow.
You block the arrow.
Casting: Searing Ray (safe; 1% risk of failure)
Confirm with . or Enter, or press ? or * to list all spells.
Aiming: Magic Dart (safe; 1% risk of failure)
Press: ? - help, Shift-Dir - straight line, f - centaur
Aim: a centaur, wielding a +0 shortbow and quivering 25 arrows (heavily wounded)
The magic dart hits the centaur!
The centaur is almost dead.
The centaur shoots an arrow.
The arrow hits you but does no damage.
Casting: Magic Dart (safe; 1% risk of failure)
Confirm with . or Enter, or press ? or * to list all spells.
Aiming: Magic Dart (safe; 1% risk of failure)
Press: ? - help, Shift-Dir - straight line, f/p - centaur
Aim: a centaur, wielding a +0 shortbow and quivering 24 arrows (almost dead)
The magic dart hits the centaur.
The centaur is almost dead.
The centaur shoots an arrow.
The arrow hits you!
You die...

###.........##.###.#
#..........c##..##.#
...................#
.#.............(...#
+####..............#
...................#
...................#
..................>#
......P.P.......@.##
......._..#########
......P.P.#
..........#
......##.##
.........#
......#### ......#
#######


You could see a centaur.

Vanquished Creatures
  A spriggan (D:7)
  An orc warrior (D:7)
  A sky beast (D:5)
  3 ogres
  A phantom (D:7)
  3 centaurs
  A big kobold (D:7)
  A bullfrog (D:7)
  A howler monkey (D:5)
  A crimson imp (D:5)
  2 bullfrog zombies
  A jelly (D:6)
  5 orc priests
  A centaur skeleton (D:5)
  A hound (D:4)
  A bullfrog skeleton (D:4)
  Jessica (D:2)
  Natasha (twice) (D:2)
  Terence (D:2)
  2 iguanas
  An orc wizard (D:4)
  5 worker ants
  Robin (D:2)
  3 gnolls (D:3)
  16 adders
  A river rat (D:4)
  5 oozes
  An adder skeleton (D:4)
  2 worms
  5 leopard geckos
  10 orcs
  7 ball pythons
  A bat (D:3)
  7 giant cockroaches
  12 goblins
  10 hobgoblins
  5 jackals
  7 quokkas
  2 frilled lizards (D:4)
  A giant cockroach zombie (D:6)
  A jackal skeleton (D:4)
  11 kobolds
  A leopard gecko zombie (D:5)
  2 quokka zombies
  9 rats
157 creatures vanquished.

Notes
Turn   | Place    | Note
-------+----------+-------------------------------------------
     0 | D:1      | hawla the Deep Elf Conjurer began the quest for the Orb.
     0 | D:1      | Reached XP level 1. HP: 10/10 MP: 6/6
   174 | D:1      | Reached skill level 1 in Throwing
   283 | D:1      | Reached XP level 2. HP: 15/15 MP: 0/8
   287 | D:1      | Learned a level 2 spell: Searing Ray
  1381 | D:2      | Noticed Terence
  1389 | D:2      | Killed Terence
  1389 | D:2      | Reached XP level 3. HP: 19/19 MP: 1/9
  1483 | D:2      | Noticed Jessica
  1487 | D:2      | Killed Jessica
  1487 | D:2      | Reached skill level 5 in Stealth
  1487 | D:2      | Reached XP level 4. HP: 24/24 MP: 6/10
  1490 | D:2      | Noticed Natasha
  1496 | D:2      | Killed Natasha
  1653 | D:2      | Noticed Robin
  1659 | D:2      | Killed Robin
  1660 | D:2      | Reached skill level 4 in Spellcasting
  1700 | D:2      | Reached XP level 5. HP: 17/28 MP: 3/13
  1854 | D:2      | Learned a level 4 spell: Iskenderun's Mystic Blast
  2414 | D:2      | Noticed Natasha
  2461 | D:2      | Killed Natasha
  2505 | D:2      | Reached skill level 1 in Translocations
  3344 | D:3      | Reached XP level 6. HP: 32/32 MP: 4/15
  3635 | D:4      | Reached skill level 5 in Spellcasting
  3635 | D:4      | Reached skill level 5 in Conjurations
  3899 | D:4      | Found a staircase to the Ecumenical Temple.
  4589 | D:4      | Reached skill level 6 in Spellcasting
  4589 | D:4      | Reached XP level 7. HP: 36/36 MP: 13/18
  4806 | D:5      | Entered Level 5 of the Dungeon
  5174 | D:5      | Reached skill level 7 in Spellcasting
  5288 | D:5      | Reached XP level 8. HP: 41/41 MP: 9/20
  5582 | D:5      | Found a snail-covered altar of Cheibriados.
  5584 | D:5      | Found a blossoming altar of Fedhas.
  5584 | D:5      | Found a shadowy altar of Dithmenos.
  5584 | D:5      | Found a sacrificial altar of Ru.
  5584 | D:5      | Found a white marble altar of Elyvilon.
  5760 | D:5      | Reached skill level 5 in Translocations
  6340 | D:6      | Got a shimmering falchion
  6459 | D:6      | Reached skill level 8 in Spellcasting
  6911 | Temple   | Entered the Ecumenical Temple
  7002 | Temple   | Became a worshipper of Vehumet
  7056 | D:7      | Identified the +3 falchion of Qooxih {vorpal, rPois rN+
                  | MP-9} (You found it on level 6 of the Dungeon)
  7288 | Temple   | Identified a scroll of acquirement
  7288 | Temple   | Acquired the +0 hat of Vlad {rN+ MP+9}
  7499 | D:7      | Noticed an angel
  7500 | D:7      | Found a glowing silver altar of Zin.
  7648 | D:7      | Found Atisi's Weapon Emporium.
  7685 | D:7      | Found Jeacua's Book Boutique.
  7736 | D:7      | Found a blossoming altar of Fedhas.
  7793 | D:7      | Reached skill level 9 in Spellcasting
  7836 | D:7      | Found Kuoll's Magic Scroll Boutique.
  7840 | D:7      | Bought a scroll of magic mapping for 49 gold pieces
  7864 | D:7      | Reached skill level 1 in Evocations
  7864 | D:7      | Reached XP level 9. HP: 43/45 MP: 24/24
  8043 | D:8      | Noticed Maggie
  8045 | D:8      | Paralysed by Maggie for 2 turns
  8070 | D:7      | Reached skill level 1 in Shields
  8084 | D:7      | Shot with an arrow by a centaur

Illustrated notes

Levels and vault maps discovered:
D:1:      saegor_arrival_simple_a, layout_loops_ring, serial_rivers,
          chequers_serial_rivers_micro_e, chequers_serial_rivers_micro_b,
          chequers_serial_rivers_large_b, chequers_serial_rivers_room_a,
          chequers_serial_rivers_micro_d, chequers_serial_rivers_micro_e
D:2:      layout_basic, serial_co_window_serial, co_window_paths_a,
          co_window_paths_a, co_window_corner_a, co_window_of_opportunity_a,
          co_window_of_opportunity_a, co_window_of_opportunity_b,
          co_window_corner_cb, co_window_paths_c, co_window_unsneaky_path_a,
          co_window_unsneaky_path_c, glass_columns_b, glass_columns_a,
          glass_columns_a, uniq_natasha, uniq_jessica, uniq_terence, uniq_robin
D:3:      layout_rooms
D:4:      layout_basic, nicolae_overflow_hidden_temple, temple_statues,
          portal_sewer_entry_e, first_ration
D:5:      layout_rooms, grunt_temple_overflow_open
D:6:      corexii_shack_village, layout_loops_cross, eino_curves_03,
          hangedman_decor_points, minmay_manual_mess
D:7:      layout_basic, zin_angel, serial_shops, shop_coins,
          nicolae_shop_crystal, shop, the_bakery, minivault_22, fedhas_altar_1
D:8:      layout_cave_pools, uniq_maggie
Temple:   regret_index_temple_waves

Skill      XL: |  1  2  3  4  5  6  7  8  9 |
---------------+----------------------------+-----
Throwing       | 1 |  1.0
Stealth        | 3 4 5 6 |  6.0
Spellcasting   | 4 6 7 9 |  9.0
Translocations | 1 3 4 6 |  6.5
Conjurations   | 5 6 8 |  8.0
Evocations     | 1 |  1.6
Shields        | 1 |  1.2
Dodging        | |  2.4

Action                   |  1- 3 |  4- 6 |  7- 9 || total
-------------------------+-------+-------+-------++-------
Melee: Unarmed           |     2 |     1 |       ||     3
 Cast: Magic Dart        |    47 |    66 |    84 ||   197
       Searing Ray       |     5 |    38 |    61 ||   104
       Iskenderun's Myst |       |       |     2 ||     2
  Use: Scroll            |     3 |     8 |     4 ||    15
  Eat: Chunk             |     2 |     9 |    10 ||    21
Armor: Robe              |     1 |     6 |     8 ||    15
Dodge: Dodged            |    10 |    14 |    23 ||    47
Block: Buckler           |       |       |     5 ||     5
       Rpst.: Falchion   |       |       |     1 ||     1
